 Dungeon Crawl Stone Soup version 0.31.0-12-g77e489cdc1 (webtiles) character file.

Game seed: 1206665090829438892

143 hawla the Firebug (level 5, -2/29 HPs)
             Began as a Deep Elf Fire Elementalist on Feb 11, 2024.
             Incinerated by a bombardier beetle (4 damage)
             ... with a burning spray
             ... on level 3 of the Dungeon.
             The game lasted 00:06:45 (2494 turns).

hawla the Firebug (Deep Elf Fire Elementalist)      Turns: 2494, Time: 00:06:46

Health: -2/29      AC:  5    Str:  2 (5)  XL:     5   Next: 4%
Magic:  0/11       EV: 12    Int: 21 (22) God:
Gold:   67         SH:  0    Dex: 14 (15) Spells: 3/10 levels left

rFire   . . .        k - staff of alchemy
rCold   . . .        (no shield)
rNeg    . . .        a - +0 robe
rPois   +            m - +0 helmet
rElec   .            (no cloak)
rCorr   .            n - +0 pair of gloves
SInv    .            g - +0 pair of boots
Will    .....        (no amulet)
Stlth   +            (no ring)
HPRegen 0.24/turn    (no ring)
MPRegen 0.12/turn

%: no passive effects
@: brilliant, on fire, very slightly contaminated, glowing
A: no striking features
a: no special abilities


You were on level 3 of the Dungeon.
You visited 1 branch of the dungeon, and saw 3 of its levels.

You collected 67 gold pieces.

Inventory:

Armour
 a - a +0 robe (worn)
 g - a +0 pair of boots (worn)
 m - a +0 helmet (worn)
 n - a +0 pair of gloves (worn)
Magical Staves
 k - a staff of alchemy (weapon)
Wands
 f - a wand of paralysis (11) (quivered)
 h - a wand of iceblast (1)
 l - a wand of flame (21)
Scrolls
 b - a scroll of blinking {unknown}
 c - 2 scrolls of identify
 e - 2 scrolls of teleportation {unknown}
Potions
 d - a potion of invisibility


   Skills:
 - Level 1.0 Fighting
 - Level 2.4 Dodging
 - Level 3.0 Stealth
 - Level 3.0 Spellcasting
 - Level 3.0 Conjurations
 - Level 3.2 Fire Magic
 - Level 3.0 Alchemy
 + Level 1.9 Evocations


You had 3 spell levels left.
You knew the following spells:

 Your Spells              Type           Power      Damage    Failure   Level
a - Foxfire               Conj/Fire      96%        2x1d8     3%          1
b - Scorch                Fire           50%        2d7       5%          2
c - Flame Wave            Conj/Fire      24%        2d8       36%         4

Your spell library contained the following spells:

 Spells                   Type           Power      Damage    Failure   Level
 Inner Flame              Hex/Fire       15%        N/A       21%         3
 Volatile Blastmotes      Fire/Tloc      30%        2d12      21%         3
 Animate Dead             Necr           4%         N/A       78%         4
 Haunt                    Necr/Summ      2%         N/A       100%        7
 Infestation              Necr           2%         N/A       100%        8


Dungeon Overview and Level Annotations

Branches:
Dungeon (3/15)

Altars:

Shops:
D:1 !*(


Message History

Confirm with . or Enter, or press ? or * to list all spells.
Casting: Flame Wave (astonishingly dangerous; 34% risk of failure)
Press: ? - help, Dir - look around, f - activate You miscast Flame Wave.
You are very lightly contaminated with residual magic.
A wave of violent energy washes through your body.
The foxfire hits the goblin!
You kill the goblin!
The hobgoblin hits you with a +0 flail.
Casting: Flame Wave (astonishingly dangerous; 34% risk of failure)
Confirm with . or Enter, or press ? or * to list all spells.
Casting: Flame Wave (astonishingly dangerous; 34% risk of failure)
Press: ? - help, Dir - look around, f - activate You miscast Flame Wave.
Nothing appears to happen.
The hobgoblin hits you with a +0 flail.
Unknown command.
Casting: Flame Wave (astonishingly dangerous; 34% risk of failure)
Confirm with . or Enter, or press ? or * to list all spells.
Flames lash the bombardier beetle.
The bombardier beetle is almost dead.
The bombardier beetle's fire resistance burns away.
The bombardier beetle barely misses you.
The hobgoblin hits you with a +0 flail.
It was a potion of brilliance.
You feel clever all of a sudden. The hobgoblin hits you with a +0 flail.
* * * LOW HITPOINT WARNING * * *
It was a potion of degeneration.
There was something very wrong with that liquid.
You feel weakened.
You feel dopey.
You feel clumsy.
The bombardier beetle sprays incendiary fluid at you.
The burning spray hits you.
You are covered in liquid fire!
The hobgoblin hits you with a +0 flail.
* * * LOW HITPOINT WARNING * * *
Okay, then.
Okay, then.
You shake off some of the fire as you move.
The liquid fire burns you!
You die...

........# #######.#
.######.# ##......#
...##########
#..##........
#..#..####### #########
...†.############........
.>..............@.)......
.################Bg......
#...g .###.......#
#..###### .#g.
...........# ##..#


.ggg ...........# .... #..# ...........# ....# #..# ...........# .....# #..#
####.(.....# ...#...#####..# ###.......# ........# You could see a bombardier
beetle (combustible) and a hobgoblin.

Vanquished Creatures
  Robin (D:3)
  3 gnolls (D:3)
  4 adders
  2 orcs (D:3)
  3 ball pythons
  8 bats
  5 endoplasms
  3 giant cockroaches (D:2)
  9 hobgoblins
  2 frilled lizards
  13 goblins
  4 kobolds (D:1)
  5 rats
62 creatures vanquished.

Vanquished Creatures (others)
  129 foxfires
129 creatures vanquished.

Grand Total: 191 creatures vanquished

Notes
Turn   | Place    | Note
-------+----------+-------------------------------------------
     0 | D:1      | hawla the Deep Elf Fire Elementalist began the quest for
                  | the Orb.
     0 | D:1      | Reached XP level 1. HP: 10/10 MP: 6/6
    87 | D:1      | Found Imir's Assorted Antiques.
   117 | D:1      | Reached skill level 1 in Fighting
   172 | D:1      | Found Usefouzuo's Antique Weapon Boutique.
   180 | D:1      | Reached XP level 2. HP: 15/16 MP: 2/8
   183 | D:1      | Learned a level 2 spell: Scorch
   319 | D:1      | Found Bepidatu's Distillery.
  1020 | D:2      | Found a faded altar of an unknown god.
  1133 | D:2      | Reached XP level 3. HP: 20/20 MP: 6/9
  1576 | D:3      | Reached skill level 1 in Alchemy
  1661 | D:3      | Noticed Robin
  1721 | D:2      | Reached XP level 4. HP: 19/25 MP: 6/10
  1730 | D:2      | Learned a level 4 spell: Flame Wave
  1901 | D:3      | Killed Robin
  2047 | D:3      | Reached skill level 1 in Evocations
  2240 | D:3      | Reached XP level 5. HP: 28/29 MP: 9/11
  2494 | D:3      | Incinerated by a bombardier beetle

Illustrated notes

Levels and vault maps discovered:
D:1:      elethiomel_arrival_quiet, layout_basic, serial_shops,
          nicolae_shop_hallway_plus, shop, nicolae_shop_pleasant_corner_grove,
          minmay_distorted
D:2:      layout_rooms, basic_ecumenical_altar, minmay_misc_feat_chi,
          dk_vineyard_1
D:3:      layout_basic, uniq_robin

Skill      XL: |  1  2  3  4 |
---------------+-------------+-----
Fighting       | 1 |  1.0
Stealth        | 3 |  3.0
Conjurations   | 2 3 |  3.0
Alchemy        | 1 3 |  3.0
Evocations     | 1 |  1.9
Dodging        | |  2.4
Spellcasting   | |  3.0
Fire Magic     | |  3.2

Action                     |  1- 3 |  4- 6 || total
---------------------------+-------+-------++-------
  Melee: Unarmed           |     3 |       ||     3
         Staff             |     1 |    10 ||    11
   Cast: Foxfire           |    44 |    26 ||    70
         Scorch            |    10 |     9 ||    19
         Flame Wave        |       |     1 ||     1
    Use: Scroll            |     1 |       ||     1
         Potion            |       |     3 ||     3
   Stab: Sleeping          |       |     1 ||     1
 Armour: Robe              |    23 |    34 ||    57
  Dodge: Dodged            |    36 |    27 ||    63
